Map: [ESL] Oceanborn

Players

Clem - Winner!

  • Race: Terran Terran
  • Spawn Location: 5:00

Rogue

  • Race: Zerg Zerg
  • Spawn Location: 11:00

Event: ESL Spring 2024 Finals

VOD

Have the link to the VOD?

Description

Time

  • Played on: June 1, 2024, 10:37 a.m.
  • Length: 12:07

All games in this series

Show
View Real Time Build Order
Export as new Build Order

Clem Terran - Winner!

Build Orders: Reaper Expand, Hellion Banshee 

Get SALT Encoding   

  12  0:00  SCV  
  13  0:12  SCV  
  14  0:16  Supply Depot  
  14  0:24  SCV  
  15  0:38  SCV  
  15  0:39  Barracks  
  16  0:42  Refinery  
  16  0:50  SCV  
  17  1:02  SCV  
  18  1:14  SCV  
  19  1:26  Reaper  
  19  1:27  Orbital Command  
  20  1:38  Command Center  
  20  1:47  Supply Depot  
  20  1:53  SCV  
  21  1:58  Marine  
  22  2:05  SCV  
  23  2:10  Factory  
  23  2:17  SCV  
  23  2:20  Barracks Reactor  
  24  2:29  SCV  
  25  2:41  SCV  
  25  2:42  Command Center  
  26  2:51  Orbital Command  
  26  2:54  SCV  
  27  2:58  Starport  
  27  3:03  Refinery  
  27  3:06  SCV  
  27  3:10  Hellion  
  30  3:17  Hellion  
  30  3:19  SCV  
  33  3:21  SCV  
  33  3:24  Barracks Tech Lab  
  34  3:31  SCV  
  34  3:33  SCV, Hellion  
  38  3:38  Hellion  
  40  3:44  SCV  
  41  3:48  Banshee  
  41  3:49  SCV  
  41  3:54  Orbital Command, Marine  
  46  3:56  SCV  
  46  3:58  Cloaking Field  
  46  4:02  Hellion  
  49  4:05  Hellion  
  49  4:06  SCV  
  49  4:08  SCV  
  53  4:10  Supply Depot  
  53  4:12  Barracks Tech Lab  
  53  4:18  SCV  
  53  4:20  SCV  
  53  4:22  SCV  
  56  4:30  SCV  
  57  4:32  SCV  
  57  4:33  Banshee  
  57  4:35  Barracks  
  57  4:36  SCV  
  57  4:37  Factory Reactor  
  62  4:38  Supply Depot  
  62  4:39  Barracks  
  62  4:41  Marine  
  62  4:42  SCV, Refinery  
  64  4:45  Stimpack  
  64  4:46  Orbital Command, SCV  
  64  4:52  Refinery  
  65  4:55  SCV  
  65  4:56  Engineering Bay  
  65  4:59  SCV, Marine, Engineering Bay  
  68  5:07  SCV  
  69  5:11  SCV  
  69  5:12  SCV  
  71  5:16  Marine  
  71  5:19  SCV  
  71  5:21  Barracks x2  
  73  5:23  SCV, Marine x2  
  73  5:26  Supply Depot  
  73  5:27  Starport Reactor  
  76  5:32  SCV  
  77  5:35  Supply Depot  
  77  5:39  SCV, Siege Tank  
  77  5:40  Marine  
  77  5:41  Marine  
  77  5:42  SCV  
  84  5:44  SCV  
  84  5:47  Marine  
  86  5:51  SCV, Marine  
  86  5:54  Supply Depot, SCV  
  89  5:57  Marine  
  89  6:00  SCV  
  89  6:02  Marine  
  89  6:03  SCV  
  91  6:05  Supply Depot, Medivac  
  91  6:08  SCV  
  92  6:12  SCV, Barracks Reactor x2  
  92  6:14  Marine  
  92  6:16  Terran Infantry Weapons Level 1, Terran Infantry Armor Level 1  
  92  6:18  SCV  
  95  6:20  SCV  
  95  6:24  Supply Depot  
  95  6:25  Siege Tank  
  99  6:27  SCV, Medivac  
  99  6:29  Marine  
  99  6:30  SCV  
  104  6:36  SCV  
  104  6:38  Supply Depot, Marine  
  104  6:39  SCV, Marine x2  
  102  6:40  Medivac  
  102  6:43  Combat Shield, SCV  
  102  6:47  Supply Depot  
  105  6:49  Marine x2  
  105  6:50  Marine x2  
  105  6:51  Marine x2  
  105  6:52  SCV  
  112  6:55  SCV, Marine  
  112  6:57  Marine x2, Medivac  
  112  7:00  Armory  
  118  7:03  Siege Tank  
  118  7:05  SCV  
  118  7:06  Marine  
  118  7:07  Marine  
  118  7:08  Marine  
  125  7:09  Supply Depot, Refinery x2  
  125  7:12  Supply Depot, Marine  
  125  7:14  Marine  
  125  7:15  Marine x4  
  128  7:24  Marine  
  128  7:25  Marine x2  
  128  7:26  Factory  
  128  7:27  Supply Depot  
  128  7:29  Marine  
  131  7:33  Command Center  
  131  7:35  Medivac  
  131  7:36  Marine  
  135  7:38  Supply Depot, Marine  
  135  7:39  Marine  
  135  7:40  Marine  
  135  7:42  Siege Tank  
  141  7:44  SCV x2  
  141  7:45  Marine  
  141  7:49  Terran Vehicle Weapons Level 1  
  144  7:53  Medivac  
  144  7:54  Marine x5  
  147  8:00  Supply Depot  
  147  8:01  Marine x3  
  147  8:03  Marine  
  143  8:11  Marine, Barracks x2  
  144  8:14  Marine x2  
  144  8:15  Barracks  
  144  8:17  Siege Tank  
  149  8:20  Factory Tech Lab  
  145  8:29  SCV  
  145  8:32  Marine  
  137  8:35  Marine  
  137  8:38  SCV  
  137  8:39  Marine x2  
  137  8:40  Marine  
  141  8:41  Terran Infantry Weapons Level 2  
  141  8:42  Terran Infantry Armor Level 2  
  141  8:43  Marine  
  141  8:44  Marine  
  141  8:45  SCV  
  141  8:47  Siege Tank  
  147  8:49  Siege Tank  
  147  8:54  Marine x3  
  139  8:55  Marine  
  139  8:57  Marine x2  
  139  8:59  Marine  
  139  9:01  Marine  
  141  9:02  SCV  
  141  9:04  Barracks Tech Lab x3  
  141  9:05  Marine  
  140  9:11  SCV  
  140  9:12  Marine x3  
  140  9:13  Marine  
  145  9:17  Marine  
  145  9:19  Siege Tank  
  145  9:20  Marine  
  145  9:21  SCV, Siege Tank  
  154  9:28  Missile Turret, Sensor Tower  
  153  9:32  Marine  
  153  9:33  SCV, Marine  
  143  9:40  Marine x2  
  143  9:41  Marine x2  
  143  9:42  SCV  
  143  9:44  Marine  
  137  9:48  SCV  
  137  9:49  SCV  
  137  9:51  Siege Tank  
  137  9:52  Marine x2, Marauder x4  
  143  9:53  Siege Tank, Marine  
  143  9:55  SCV  
  143  9:56  Drilling Claws  
  143  9:58  Marine  
  149  10:00  Sensor Tower  
  149  10:01  SCV, Marine  
  149  10:03  Planetary Fortress  
  149  10:04  Marine  
  149  10:06  SCV  
  143  10:08  Marine  
  143  10:09  SCV  
  143  10:13  SCV  
  143  10:14  Marauder  
  148  10:16  Marine x2  
  148  10:18  SCV, Medivac  
  148  10:20  Medivac  
  153  10:22  Marauder  
  153  10:23  Marine  
  153  10:25  Marine x2  
  153  10:26  Marine  
  159  10:34  Marine, Widow Mine x2  
  164  10:39  Marauder x2  
  164  10:42  Refinery x2  
  165  10:46  SCV x3  
  165  10:48  SCV, Command Center  
  169  10:56  Marine x3, Sensor Tower  
  169  10:57  Marine x2  
  169  10:58  SCV  
  169  10:59  SCV  
  169  11:01  Marine  
  174  11:05  Marine x5  
  174  11:06  Marine  
  174  11:10  SCV  
  181  11:12  SCV  
  181  11:14  Marine x4  
  181  11:15  Marine  
  187  11:19  Marine  
  187  11:21  Ghost Academy  
  187  11:22  Supply Depot  
  187  11:25  Marine, Marauder  
  191  11:27  Marine x3  
  191  11:29  Marauder  
  196  11:37  Marine  
  196  11:39  Marine x2  
  195  11:43  Marine  
  195  11:44  Command Center  
  193  11:48  Marine x4  
Show
View Real Time Build Order
Export as new Build Order

Rogue Zerg 

Build Orders: Hatch First 

Get SALT Encoding   

  12  0:00  Drone  
  13  0:11  Overlord  
  13  0:16  Drone  
  14  0:30  Drone x2  
  16  0:47  Hatchery  
  15  0:50  Drone  
  15  0:54  Drone  
  15  0:56  Drone  
  18  1:08  Extractor  
  17  1:12  Spawning Pool  
  17  1:15  Drone  
  17  1:18  Drone  
  18  1:27  Drone  
  19  1:38  Drone  
  20  1:49  Drone  
  21  1:59  Queen x2  
  21  2:00  Zergling x4  
  27  2:11  Zergling x2, Metabolic Boost  
  27  2:12  Overlord  
  28  2:20  Extractor  
  27  2:23  Drone  
  29  2:32  Drone  
  29  2:33  Drone x2  
  29  2:36  Queen  
  33  2:48  Hatchery  
  33  2:50  Overlord  
  32  2:52  Drone  
  32  2:54  Drone  
  34  2:58  Drone  
  34  3:05  Drone  
  36  3:10  Drone  
  36  3:11  Drone x3  
  40  3:12  Queen  
  40  3:19  Drone  
  42  3:23  Overlord  
  42  3:27  Drone  
  43  3:43  Drone x3  
  43  3:44  Drone x3  
  43  3:47  Queen  
  51  3:50  Overlord  
  51  3:52  Drone  
  52  3:56  Overlord  
  52  3:57  Overlord  
  52  3:59  Queen  
  52  4:01  Drone  
  52  4:02  Drone  
  56  4:03  Drone  
  56  4:08  Drone  
  58  4:11  Drone x2  
  58  4:13  Evolution Chamber  
  58  4:15  Drone  
  60  4:19  Evolution Chamber  
  60  4:20  Queen  
  60  4:21  Drone x3  
  60  4:23  Drone  
  65  4:25  Zergling x2  
  65  4:26  Zergling x2  
  65  4:29  Drone  
  65  4:30  Drone  
  69  4:32  Drone  
  69  4:34  Drone x2  
  69  4:38  Queen  
  72  4:42  Drone x4, Extractor  
  77  4:46  Zerg Melee Weapons Level 1  
  77  4:49  Spore Crawler  
  77  4:52  Spore Crawler  
  75  4:53  Spore Crawler  
  75  4:56  Queen  
  75  4:57  Spore Crawler  
  75  4:58  Drone x2, Extractor  
  76  5:04  Drone x4  
  80  5:07  Zerg Ground Armor Level 1  
  80  5:09  Drone x2  
  80  5:10  Drone  
  81  5:14  Drone  
  81  5:17  Overlord  
  81  5:21  Overlord  
  81  5:25  Overlord  
  81  5:26  Drone  
  82  5:29  Lair  
  82  5:32  Extractor  
  82  5:33  Drone  
  82  5:35  Drone x2  
  84  5:40  Drone  
  83  5:44  Hatchery  
  83  5:47  Zergling x18  
  83  5:49  Overlord  
  89  5:54  Zergling x4, Baneling Nest  
  89  5:55  Zergling x2  
  91  5:59  Drone, Burrow  
  91  6:03  Zergling x4  
  93  6:08  Zergling x6  
  93  6:09  Drone  
  96  6:12  Drone x2  
  96  6:13  Hatchery  
  96  6:14  Drone x2  
  96  6:15  Drone  
  100  6:23  Overlord  
  100  6:24  Hatchery  
  100  6:25  Zergling x2  
  100  6:32  Zergling x2  
  99  6:33  Zergling x6  
  99  6:36  Zergling x2  
  99  6:37  Zergling x2  
  94  6:42  Overseer  
  94  6:44  Hatchery  
  94  6:45  Centrifugal Hooks  
  94  6:46  Zergling x14  
  97  6:52  Baneling x2  
  97  6:53  Baneling x5  
  95  6:54  Drone x2  
  95  6:59  Drone x2  
  95  7:02  Drone x2  
  95  7:03  Drone  
  95  7:04  Zerg Ground Armor Level 2  
  95  7:07  Drone  
  93  7:10  Drone  
  93  7:13  Drone x2  
  96  7:18  Drone x2  
  96  7:19  Zergling x6  
  96  7:20  Zergling x4  
  96  7:21  Baneling x3  
  102  7:27  Infestation Pit  
  101  7:30  Drone x3  
  101  7:33  Zergling x2  
  104  7:37  Baneling  
  104  7:39  Zerg Melee Weapons Level 2  
  104  7:41  Drone  
  104  7:42  Drone x4  
  109  7:47  Zergling x2  
  109  7:48  Zergling x2  
  109  7:49  Overlord  
  109  7:50  Zergling x2  
  111  7:53  Zergling x2  
  111  7:59  Zergling x6  
  111  8:00  Zergling x16  
  111  8:05  Drone x2  
  123  8:07  Hatchery  
  123  8:08  Drone x3  
  123  8:11  Hive  
  125  8:14  Zergling x4  
  125  8:15  Zergling x2  
  125  8:18  Zergling x2  
  125  8:19  Baneling x8  
  129  8:23  Zergling x4  
  125  8:28  Zergling x14  
  125  8:29  Baneling x7  
  117  8:39  Zergling x12  
  117  8:40  Zergling x12  
  117  8:41  Zergling x2  
  117  8:43  Zergling x4  
  117  8:47  Zergling x2  
  118  8:51  Zergling x8  
  110  8:56  Zergling x2  
  110  8:59  Zergling x20  
  110  9:01  Zergling x2  
  110  9:02  Baneling x7  
  112  9:04  Zergling x2  
  112  9:11  Baneling x6  
  112  9:15  Zergling x4  
  112  9:16  Zergling x6  
  117  9:18  Zergling x2  
  117  9:19  Zergling x6  
  117  9:22  Baneling x8  
  117  9:23  Baneling x2  
  117  9:24  Baneling x6  
  119  9:25  Zergling x2  
  119  9:28  Zergling x2  
  120  9:32  Zergling x2  
  120  9:35  Zergling x10  
  114  9:46  Adrenal Glands  
  114  9:47  Zergling x20  
  114  9:48  Zergling x2  
  114  9:51  Zergling x6  
  116  9:53  Zergling x2  
  116  9:57  Zergling x2  
  118  10:00  Baneling x4, Extractor x2  
  118  10:01  Baneling x2  
  118  10:02  Zergling x8  
  118  10:04  Zergling x2  
  121  10:08  Overlord  
  121  10:09  Overlord x2  
  119  10:14  Overlord  
  119  10:17  Drone  
  119  10:19  Drone  
  119  10:20  Drone x2  
  115  10:22  Ultralisk Cavern  
  115  10:23  Drone  
  115  10:25  Overlord  
  115  10:30  Baneling  
  115  10:31  Baneling  
  115  10:33  Drone x4  
  115  10:34  Drone  
  115  10:35  Drone  
  121  10:39  Hatchery  
  117  10:46  Baneling  
  117  10:47  Baneling x2, Zergling x2  
  117  10:48  Zergling x4  
  120  10:51  Zergling x2  
  120  10:52  Zergling x6  
  120  10:55  Zergling x4  
  120  10:56  Zergling x4  
  125  11:05  Zergling x8  
  125  11:07  Drone x2  
  125  11:10  Baneling x3  
  131  11:13  Drone x5  
  136  11:20  Baneling x4  
  136  11:25  Zergling x2  
  136  11:27  Zergling x16  
  136  11:30  Overseer  
  145  11:38  Zergling x2  
  145  11:39  Zergling x14  
  145  11:40  Zergling x2  
  145  11:45  Zergling x6  
  134  11:49  Zergling x10  
Tags
 
Add a new tag
Caveats
  • Supply blocks, unpowered buildings, or Contaminate may cause inaccurate times.
  • Supply counts are checked every 10 seconds.